 Dungeon Crawl Stone Soup version 0.23.0 (webtiles) character file.

Game seed: 10913087691318221665

228 wilfster70 the Skirmisher (level 6, -7/43 HPs)
             Began as an Octopode Fighter on Feb 8, 2019.
             Mangled by an ogre
             ... wielding a +0 giant club
              (31 damage)
             ... on level 3 of the Dungeon.
             The game lasted 00:11:31 (3050 turns).

wilfster70 the Skirmisher (Octopode Fighter)        Turns: 3050, Time: 00:11:32

Health: -7/43      AC:  3    Str: 15    XL:     6   Next: 2%
Magic:  6/6        EV: 12    Int: 18    God:
Gold:   171        SH:  9    Dex: 11    Spells: 1/5 levels left

rFire    . . .     SeeInvis .   a - +0 trident
rCold    + . .     Gourm    .   s - +0 shield
rNeg     . . .     Faith    .   (helmet restricted)
rPois    .         Spirit   .   (no amulet)
rElec    .         Reflect  .   k - +2 ring of protection
rCorr    .         Harm     .   m - +5 ring of intelligence
MR       +....                  n - ring of protection from cold
Stlth    +++.......             y - ring of protection from magic
HPRegen  0.14/turn              (no ring)
MPRegen  0.10/turn              (no ring)
                                (no ring)
                                (no ring)

@: no status effects
A: almost no armour, stealthy swim, amphibious, 8 rings, constrict 8, camouflage
1, gelatinous body 1
a: no special abilities


You were on level 3 of the Dungeon.
You were not hungry.

You visited 1 branch of the dungeon, and saw 3 of its levels.

You collected 171 gold pieces.

Inventory:

Hand Weapons
 a - a +0 trident (weapon)
 b - a +0 hunting sling of flaming
 j - a +0 blowgun
Missiles
 g - 2 javelins (quivered)
 i - 50 stones
 u - 9 poisoned needles
Armour
 s - a +0 shield (worn)
Jewellery
 k - a +2 ring of protection (left tentacle)
 m - a +5 ring of intelligence (right tentacle)
 n - a ring of protection from cold (on tentacle)
 y - a ring of protection from magic (on tentacle)
Wands
 o - a wand of polymorph (10)
Scrolls
 e - 3 scrolls of remove curse
 h - 2 scrolls of blinking {unknown}
 l - a scroll of fog {unknown}
 q - a scroll of enchant armour {unknown}
 v - a scroll of fear {unknown}
 w - a scroll of enchant weapon {unknown}
 x - a scroll of immolation {unknown}
Potions
 c - a potion of might
 f - a potion of berserk rage
 p - a potion of heal wounds
 t - a potion of invisibility {unknown}
 z - a potion of haste {unknown}
Comestibles
 d - 4 rations
 r - 7 chunks of flesh


   Skills:
 + Level 3.9 Fighting
 + Level 3.2 Polearms
 - Level 3.8 Dodging
 - Level 3.0 Stealth
 + Level 3.9 Shields
 + Level 0.2 Spellcasting
 + Level 0.2 Summonings
 + Level 0.3 Air Magic


You had one spell level left.
You knew the following spells:

 Your Spells              Type           Power        Failure   Level  Hunger
a - Summon Lightning Spi  Summ/Air       #.......     100%        4    #####..

Your spell library contained the following spells:

 Spells                   Type           Power        Failure   Level  Hunger
 Summon Small Mammal      Summ           #...         63%         1    ##.....
 Call Imp                 Summ           #.......     77%         2    ###....
 Call Canine Familiar     Summ           #.......     94%         3    ####...
 Summon Guardian Golem    Hex/Summ       #.......     94%         3    ####...
 Summon Ice Beast         Ice/Summ       #.......     100%        4    #####..


Dungeon Overview and Level Annotations

Branches:
Dungeon (3/15)

Altars:


Innate Abilities, Weirdness & Mutations

You cannot wear most types of armour.
You are very stealthy in the water. (Stealth+)
You are amphibious.
You can wear up to eight rings at the same time.
You can use your tentacles to constrict eight enemies at once.
Your skin changes colour to match your surroundings (Stealth+).
Your rubbery body absorbs attacks. (AC +1, EV +1)


Message History

A goblin and an ogre come into view.
The ogre shouts!
You completely miss the goblin. You grab the goblin. You constrict the goblin.
The goblin hits you.
You puncture the goblin!
You kill the goblin!
You hit the ogre.
The ogre is moderately wounded.
The ogre closely misses you.
You puncture the ogre!
The ogre is heavily wounded.
The ogre closely misses you.
You barely miss the ogre.
The ogre is heavily wounded.
The ogre hits you with a +0 giant club!!
You puncture the ogre!
The ogre is almost dead.
The ogre hits you with a +0 giant club!!
Ouch! That really hurt!
You die...

##......####
#.#########.<....#..
#.####....###.##.........#######
.# ####...#.#..####.#### .#
###.....## #.#
##########...>.### #.#
.......)...#..## #.#
###########...### #.# #.#...####
#.# ###.###.@O.# #.# ### #...#
####.# #.# ..# #.### #.###.####
#.#######.# #.g.gO....
#.........# #.........
########### #.........
#......... ##########


You could see an ogre.

Vanquished Creatures
  Natasha (twice) (D:2 D:1)
  An orc wizard (D:3)
  3 gnolls
  3 adders
  An ooze (D:2)
  4 worms
  4 dart slugs
  A leopard gecko (D:1)
  7 orcs (D:3)
  7 giant cockroaches
  13 goblins
  4 hobgoblins
  10 bats
  A frilled lizard (D:1)
  6 kobolds
  3 rats
70 creatures vanquished.

Notes
Turn   | Place    | Note
-------+----------+-------------------------------------------
     0 | D:1      | wilfster70 the Octopode Fighter began the quest for the
                  | Orb.
     0 | D:1      | Reached XP level 1. HP: 16/16 MP: 1/1
   196 | D:1      | Reached XP level 2. HP: 21/21 MP: 2/2
   553 | D:1      | Reached skill level 1 in Stealth
   942 | D:2      | Reached XP level 3. HP: 26/26 MP: 3/3
  1037 | D:2      | Noticed Natasha
  1055 | D:2      | Killed Natasha
  1055 | D:2      | Reached XP level 4. HP: 19/31 MP: 4/4
  1092 | D:2      | Noticed Natasha
  1350 | D:1      | Killed Natasha
  2141 | D:3      | Reached XP level 5. HP: 32/36 MP: 5/5
  2777 | D:3      | Learned a level 4 spell: Summon Lightning Spire
  2889 | D:3      | Reached XP level 6. HP: 36/43 MP: 6/6
  3050 | D:3      | Mangled by an ogre

Skill      XL: |  1  2  3  4  5 |
---------------+----------------+-----
Stealth        | 1 2 3 |  3.0
Polearms       | 3 |  3.2
Fighting       | |  3.9
Dodging        | |  3.8
Shields        | |  3.9
Spellcasting   | |  0.2
Summonings     | |  0.2
Air Magic      | |  0.3

Action                   |  1- 3 |  4- 6 || total
-------------------------+-------+-------++-------
Melee: Trident           |    60 |   100 ||   160
       Constrict         |    14 |    31 ||    45
       Tentacles         |     6 |    15 ||    21
       Unarmed           |     8 |    11 ||    19
  Use: Scroll            |       |     4 ||     4
 Stab: Sleeping          |    11 |     6 ||    17
  Eat: Chunk             |       |     7 ||     7
Armor: Skin              |    16 |    17 ||    33
Dodge: Dodged            |    34 |    57 ||    91
Block: Shield            |    29 |    25 ||    54
